 Dungeon Crawl Stone Soup version 0.27.0-1-g7a089689b8 (webtiles) character file.

Game seed: 7672469115066302532

800 Conn the Sneak (level 7, -6/43 HPs)
             Began as an Octopode Fire Elementalist on Aug 13, 2021.
             Killed from afar by an orc wizard (10 damage)
             ... with a puff of flame
             ... on level 5 of the Dungeon.
             The game lasted 00:16:01 (6798 turns).

Conn the Sneak (Octopode Fire Elementalist)         Turns: 6798, Time: 00:16:01

Health: -6/43      AC:  1    Str: 15    XL:     7   Next: 90%
Magic:  6/13       EV: 13    Int: 19    God:
Gold:   49         SH:  0    Dex: 10    Spells: 3/14 levels left

rFire    x . .     SeeInvis .   m - +3 rapier (venom)
rCold    + . .     Faith    .   (no shield)
rNeg     . . .     Spirit   .   (helmet restricted)
rPois    .         Reflect  .   (no amulet)
rElec    .         Harm     .   t - ring "Qisku" {Ice +Blink Str+7 Dex-2}
rCorr    .         Rampage  .   (no ring)
Will     .....                  (no ring)
Stlth    ++++......             (no ring)
HPRegen  0.14/turn              (no ring)
MPRegen  0.13/turn              (no ring)
                                (no ring)
                                (no ring)

@: no status effects
A: almost no armour, amphibious, 8 rings, camouflage 1, gelatinous body 1,
(nimble swimmer 1), tentacles
a: Evoke Blink


You were on level 5 of the Dungeon.
You visited 1 branch of the dungeon, and saw 5 of its levels.

You collected 168 gold pieces.
You spent 119 gold pieces at shops.

Inventory:

Hand Weapons
 a - a +0 dagger
 i - a +0 short sword
 m - a +3 rapier of venom (weapon)
Missiles
 e - 2 curare-tipped darts (quivered)
 g - 30 sling bullets
 u - 8 poisoned darts
Armour
 h - a +0 buckler
Jewellery
 t - the ring "Qisku" (left tentacle) {Ice +Blink Str+7 Dex-2}
   (You found it on level 4 of the Dungeon)

   [ring of ice]

   It enhances your ice magic.
   Str:       It affects your strength (+7).
   Dex:       It affects your dexterity (-2).
   rF:        It makes you vulnerable to fire.
   rC:        It protects you from cold.
   +Blink:    It lets you blink.
Wands
 o - a wand of charming (6)
Scrolls
 f - 2 scrolls of torment
 n - a scroll of summoning
 p - a scroll of teleportation {unknown}
 r - a scroll of fog {unknown}
 v - a scroll of identify
 w - a scroll of noise {unknown}
Potions
 b - 2 potions of degeneration
 c - a potion of mutation
 d - a potion of brilliance
 j - a potion of might {unknown}
 k - a potion of heal wounds {unknown}
 l - a potion of ambrosia {unknown}
 q - a potion of haste {unknown}
 s - a potion of attraction {unknown}


   Skills:
 + Level 1.5 Fighting
 + Level 2.0 Short Blades
 + Level 3.0 Dodging
 + Level 5.5 Stealth
 + Level 4.0 Spellcasting
 + Level 3.7 Conjurations
 + Level 4.5 Fire Magic
 * Level 1.9 Evocations


You had 3 spell levels left.
You knew the following spells:

 Your Spells              Type           Power      Damage    Failure   Level
a - Foxfire               Conj/Fire      76%        2x1d7     2%          1
b - Conjure Flame         Conj/Fire      19%        6-21      8%          3
c - Inner Flame           Hex/Fire       12%        N/A       16%         3
d - Sticky Flame          Conj/Fire      19%        2d4       24%         4

Your spell library contained the following spells:

 Spells                   Type           Power      Damage    Failure   Level
 Summon Small Mammal      Summ           12%        N/A       14%         1
 Stone Arrow              Conj/Erth      20%        3d8       19%         3
 Slow                     Hex            3%         N/A       21%         2
 Call Canine Familiar     Summ           3%         N/A       38%         3
 Confusing Touch          Hex            3%         N/A       38%         3
 Gell's Gravitas          Tloc           1%         N/A       38%         3
 Summon Guardian Golem    Hex/Summ       3%         N/A       38%         3
 Teleport Other           Tloc           3%         N/A       38%         3
 Vampiric Draining        Necr           1%         2d6       38%         3
 Fireball                 Conj/Fire      9%         3d6       56%         5
 Dispersal                Tloc           1%         N/A       100%        6
 Lehudib's Crystal Spear  Conj/Erth      5%         10d3      100%        8
 Animate Armour           Summ/Erth      Unusable   N/A       N/A         4

Dungeon Overview and Level Annotations

Branches:
Dungeon (5/15)
 Temple: D:4-7

Altars:
Fedhas
Ru
Vehumet

Shops:
D:2 (   D:3 ?

Annotations:
D:5 4 runed translucent doors


Innate Abilities, Weirdness & Mutations

You cannot wear most types of armour.
You are amphibious.
You can wear up to eight rings at the same time.
Your skin changes colour to match your surroundings (Stealth+).
Your rubbery body absorbs attacks. (AC +1, EV +1)
((You are camouflaged near water. (Stealth+)))
You have tentacles for arms and can constrict up to eight enemies at once.


Message History

The orc priest is lightly wounded.
The foxfire hits the orc priest.
The orc priest is moderately wounded.
Unknown command.
Casting: Foxfire (safe; 2% risk of failure)
Confirm with . or Enter, or press ? or * to list all spells.
You conjure some foxfire!
Unknown command.
Casting: Foxfire (safe; 2% risk of failure)
Confirm with . or Enter, or press ? or * to list all spells.
You conjure some foxfire!
The foxfire hits the orc wizard.
The orc wizard is lightly wounded.
The foxfire hits the orc wizard!
The orc wizard is severely wounded.
The orc wizard gestures at you while chanting.
The puff of flame hits you! The fire burns you terribly!
* * * LOW HITPOINT WARNING * * *
Okay, then.
Aiming: Charm
Press: ? - help, Shift-Dir - straight line, f - orc wizard
Aim: an orc wizard, wielding a +0 dagger and wearing a +0 robe (severely wounded, ally target, chance to affect: 50%)
Okay, then.
Casting: Foxfire (safe; 2% risk of failure)
Confirm with . or Enter, or press ? or * to list all spells.
Okay, then.
Unknown command.
Okay, then.
Unknown command.
Unknown command.
Unknown command.
Throw: 3 darts (curare)
Press: ? - help, Q - select action, (/) - cycle Shift-Dir - straight line, f - orc wizard
Aim: an orc wizard, wielding a +0 dagger and wearing a +0 robe (severely wounded, ally target, 45% to hit)
You throw a curare-tipped dart.
The curare-tipped dart closely misses the orc wizard.
The foxfire hits the orc wizard.
The orc wizard is almost dead.
The orc wizard casts a spell at you. The puff of flame hits you!
The fire burns you terribly!
You die...

#...............#.......
#...............#.......
#....####.##...#######'#
#....####.##...##......#
#..........#...#.......#
#..........#...#........
#..........#...#........
##########'##..###......#
#......#@§.##############
#......#§§.......>.....#.
#..o...☼§..........)..)'.
#....vo#...............#)
#.....(#...##'###...##.##
#############..#######..#
#.............
#........†....
#.............


You could see an orc wizard.

Vanquished Creatures
  A sky beast (D:5)
  A necrophage (D:5)
  An ogre (D:5)
  A scorpion (D:4)
  A water moccasin zombie (D:5)
  A water moccasin skeleton (D:4)
  A jelly (D:4)
  A hound (D:4)
  An iguana (D:4)
  2 orc wizards (D:5)
  3 adders
  4 gnolls (D:5)
  An adder skeleton (D:4)
  3 worms
  3 dart slugs
  5 orcs
  10 endoplasms
  A giant cockroach (D:3)
  9 hobgoblins
  18 jackals
  3 quokkas
  6 ball pythons
  2 bats
  A frilled lizard (D:1)
  12 goblins
  12 kobolds
  5 rats
109 creatures vanquished.

Vanquished Creatures (collateral kills)
  An ogre (D:4)
1 creature vanquished.

Vanquished Creatures (others)
  269 foxfires
  5 toadstools (D:5)
274 creatures vanquished.

Grand Total: 384 creatures vanquished

Notes
Turn   | Place    | Note
-------+----------+-------------------------------------------
     0 | D:1      | Conn the Octopode Fire Elementalist began the quest for the
                  | Orb.
     0 | D:1      | Reached XP level 1. HP: 11/11 MP: 3/3
   245 | D:1      | Reached XP level 2. HP: 17/17 MP: 0/5
   417 | D:1      | Reached skill level 3 in Stealth
   882 | D:1      | Reached XP level 3. HP: 6/21 MP: 4/6
  1255 | D:1      | Found a faded altar of an unknown god.
  1552 | D:1      | Learned a level 3 spell: Conjure Flame
  1862 | D:2      | HP: 1/21 [goblin (5)]
  2184 | D:2      | Reached XP level 4. HP: 3/27 MP: 3/7
  2187 | D:2      | HP: 2/40 [poisoned by an adder]
  2527 | D:2      | Found a radiant altar of Vehumet.
  2541 | D:2      | Reached skill level 1 in Short Blades
  2686 | D:2      | Found Pihal's Antique Weapon Boutique.
  3005 | D:3      | Learned a level 3 spell: Inner Flame
  3395 | D:2      | Bought a runed rapier for 119 gold pieces
  3760 | D:3      | Found Xopicaj's Magic Scroll Shop.
  4029 | D:4      | Found a sacrificial altar of Ru.
  4115 | D:4      | Reached skill level 4 in Stealth
  4115 | D:4      | Reached XP level 5. HP: 27/32 MP: 0/8
  4466 | D:4      | Noticed an ogre
  4497 | D:4      | HP: 1/32 [ogre (14)]
  4500 | D:4      | Killed an ogre
  4823 | D:4      | Reached XP level 6. HP: 37/37 MP: 3/10
  5162 | D:3      | Learned a level 4 spell: Sticky Flame
  5669 | D:4      | Identified the ring "Qisku" {Ice +Blink Str+7 Dex-2}
  5927 | D:4      | Found a blossoming altar of Fedhas.
  6023 | D:5      | Entered Level 5 of the Dungeon
  6029 | D:5      | Noticed a sky beast
  6034 | D:5      | Reached skill level 1 in Fighting
  6034 | D:5      | Reached XP level 7. HP: 27/43 MP: 12/12
  6054 | D:5      | Reached skill level 5 in Stealth
  6054 | D:5      | Reached skill level 1 in Evocations
  6230 | D:5      | Found the +9 staff of Olgreb {rPois∞}
  6239 | D:5      | Found a runed translucent gate.
  6239 | D:5      | Noticed a redback
  6240 | D:5      | Found a runed translucent door.
  6258 | D:5      | Found a runed translucent door.
  6370 | D:5      | Found a runed translucent gate.
  6370 | D:5      | Noticed a redback
  6370 | D:5      | Noticed a redback
  6370 | D:5      | Noticed a redback
  6798 | D:5      | Killed from afar by an orc wizard

Illustrated notes

Levels and vault maps discovered:
D:1:      minmay_arrival_loop, layout_loops_ring,
          hellmonk_ecumenical_altar_prayer_group
D:2:      layout_loops_ring, serial_shops, nicolae_shop_statue_plus, basic_altar
D:3:      layout_basic, serial_shops, nicolae_square_shop
D:4:      layout_layer_cave, nicolae_ru_sacrificial_ziggurat,
          nicolae_overflow_hidden_temple, corexii_checkpoint_a
D:5:      layout_gridville, corexii_item_surrounded_by_moat,
          chequers_serial_rivers_micro_e, dk_noncrumbling_3,
          minmay_gold_behind_fungi, minmay_guarded_unrand_staff_of_olgreb,
          uniq_duvessa

Skill      XL: |  1  2  3  4  5  6  7 |
---------------+----------------------+-----
Stealth        | 3 4 5 |  5.5
Short Blades   | 1 2 |  2.0
Conjurations   | 2 3 |  3.7
Fire Magic     | 4 |  4.5
Spellcasting   | 3 4 |  4.0
Fighting       | 1 |  1.5
Evocations     | 1 |  1.9
Dodging        | 3 |  3.0

Action                   |  1- 3 |  4- 6 |  7- 9 || total
-------------------------+-------+-------+-------++-------
Melee: Dagger            |    25 |       |       ||    25
       Constrict         |     9 |     7 |     1 ||    17
       Tentacles         |     5 |     8 |       ||    13
       Short sword       |    26 |     6 |       ||    32
       Rapier            |       |    24 |     3 ||    27
Throw: Dart              |       |       |     1 ||     1
 Cast: Foxfire           |    34 |    89 |    38 ||   161
       Conjure Flame     |       |     1 |     1 ||     2
       Sticky Flame      |       |       |     1 ||     1
Evoke: Wand              |       |     1 |       ||     1
  Use: Scroll            |       |     5 |       ||     5
       Potion            |       |     3 |     2 ||     5
 Stab: Sleeping          |    12 |    11 |       ||    23
Armor: Skin              |     2 |     2 |     2 ||     6
Dodge: Dodged            |    33 |    23 |     3 ||    59
